TOP OF THE 1ST |
Clemson University Tigers batting - Pitching for Wichita State University Shockers : LHP Randolph Main
|
Pitching: LHP Randolph Main
|
|
Batting: RHB Jason Duncan
|
0-0: Ball 1-0: Foul Ball, location: 2F 1-1: Ball 2-1: Called Strike 2-2: Ball 3-2: Foul Ball, location: 2F 3-2: Ground out 6-3 (Groundball, 6M, EV 103.8 MPH)
|
Batting: LHB Jayden Pelayo
|
0-0: Foul Ball, location: 2F 0-1: Ball 1-1: Foul Ball, location: 2F 1-2: Strikes out swinging
|
Batting: RHB Josh LeSage
|
0-0: Ball 1-0: Called Strike 1-1: Foul Ball, location: 2F 1-2: Strikes out swinging
|
Top of the 1st over - 0 runs, 0 hits, 0 errors, 0 left on base; Clemson University 0 - Wichita State University 0 |
BOTTOM OF THE 1ST |
Wichita State University Shockers batting - Pitching for Clemson University Tigers : RHP Luis Yanez
|
Pitching: RHP Luis Yanez
|
|
Batting: RHB Ryan LeSueur
|
0-0: Ball 1-0: Ball 2-0: Ball 3-0: Base on Balls
|
Batting: RHB Adam McMillen
|
0-0: Ball Ryan LeSueur is caught stealing 2nd base 2-4 1-0: SINGLE (Groundball, 4MS, EV 69.4 MPH) (infield hit)
|
Batting: RHB David Bousfield
|
0-0: Foul Ball, location: 2F 0-1: Ball 1-1: Foul Ball, location: 2F 1-2: Foul Ball, location: 2F 1-2: Foul Ball, location: 2F 1-2: Ball 2-2: Fly out, F9 (Flyball, 9LM, EV 89.4 MPH)
|
Batting: RHB Juan Nieves
|
0-0: Fielders Choice at 2nd, 6-4 (Groundball, 6, EV 105.6 MPH)
|
Bottom of the 1st over - 0 runs, 1 hit, 0 errors, 1 left on base; Clemson University 0 - Wichita State University 0 |
TOP OF THE 2ND |
Clemson University Tigers batting - Pitching for Wichita State University Shockers : LHP Randolph Main
|
Batting: SHB Jose Santiago
|
0-0: Ball 1-0: Ball 2-0: Swinging Strike 2-1: Swinging Strike 2-2: Foul Ball, location: 2F 2-2: Fly out, F8 (Flyball, 8RM, EV 83.8 MPH)
|
Batting: RHB Dave Dominguez
|
0-0: Called Strike 0-1: Foul Ball, location: 2F 0-2: Ground out U3 (Groundball, 13, EV 83.8 MPH)
|
Batting: RHB Juan Barela
|
0-0: Ball 1-0: Foul Ball, location: 2F 1-1: Swinging Strike 1-2: Ball 2-2: Ball 3-2: Foul Ball, location: 2F 3-2: Foul Ball, location: 2F 3-2: Foul Ball, location: 2F 3-2: DOUBLE (Groundball, 3L, EV 106.2 MPH)
|
Batting: LHB Victor Reyna
|
0-0: Ball 1-0: SINGLE (Groundball, 56D, EV 99.4 MPH) Juan Barela to third Runner from 3rd tries for Home, SAFE, throw by LF to home
|
Batting: RHB Neal Perucci
|
0-0: Ball 1-0: Ball 2-0: Swinging Strike 2-1: Ball 3-1: Base on Balls Victor Reyna to second
|
Batting: RHB Donovan Deason
|
0-0: Ball 1-0: SINGLE (Groundball, 34D, EV 94.4 MPH) Victor Reyna to third Neal Perucci to second Runner from 3rd tries for Home, SAFE, throw by RF to home
|
Batting: RHB Jason Duncan
|
0-0: Called Strike 0-1: Foul Ball, location: 2F 0-2: Ball 1-2: Ball 2-2: Foul Ball, location: 2F 2-2: Ball 3-2: Ground out 5-3 (Groundball, 56, EV 93.1 MPH)
|
Top of the 2nd over - 2 runs, 3 hits, 0 errors, 2 left on base; Clemson University 2 - Wichita State University 0 |
BOTTOM OF THE 2ND |
Wichita State University Shockers batting - Pitching for Clemson University Tigers : RHP Luis Yanez
|
Batting: LHB Simon Barry
|
0-0: Fly out, F7 (Line Drive, 7S, EV 87.5 MPH)
|
Batting: RHB Tony Gonzales
|
0-0: Ball 1-0: Foul Ball, location: 2F 1-1: SINGLE (Line Drive, 89M, EV 106.9 MPH)
|
Batting: LHB Henry Huezo
|
0-0: SINGLE (Groundball, 34S, EV 70.6 MPH) (infield hit) Tony Gonzales to second
|
Batting: RHB Aaron Sartini
|
0-0: Swinging Strike 0-1: Swinging Strike 0-2: Reached on error, E5 (Groundball, 56, EV 82.5 MPH) Tony Gonzales to third Henry Huezo to second
|
Batting: LHB Andrew Moore
|
0-0: Foul Ball, location: 2F 0-1: Foul Ball, location: 2F 0-2: SINGLE (Line Drive, 6D, EV 99.4 MPH) Tony Gonzales scores Henry Huezo to third Aaron Sartini to second Runner from 3rd tries for Home, SAFE, throw by LF to home
|
Batting: RHB Ryan LeSueur
|
0-0: Called Strike 0-1: Ball 1-1: Foul Ball, location: 2F 1-2: Ball 2-2: Foul Ball, location: 2F 2-2: DOUBLE (Flyball, 89D, EV 111.2 MPH) Aaron Sartini scores Andrew Moore to third
|
Batting: RHB Adam McMillen
|
0-0: Ball 1-0: Ball 2-0: Swinging Strike 2-1: Ball 3-1: Base on Balls
|
Batting: RHB David Bousfield
|
0-0: Ball 1-0: Ball 2-0: Foul Ball, location: 2F 2-1: Called Strike 2-2: Ball 3-2: Foul Ball, location: 2F 3-2: GRAND SLAM HOME RUN (Flyball, 9LD, EV 95.0 MPH), Distance : 346 ft
|
Pitching: RHP Gustavo Carena
|
|
Batting: RHB Juan Nieves
|
0-0: SINGLE (Line Drive, 9LS, EV 106.9 MPH)
|
Batting: LHB Simon Barry
|
0-0: Fly out, F9 (Flyball, 9LS, EV 93.8 MPH)
|
Batting: RHB Tony Gonzales
|
0-0: Called Strike 0-1: Ball 1-1: Ball 2-1: Ball 3-1: Foul Ball, location: 2F 3-2: Fly out, F7 (Flyball, 7, EV 83.8 MPH)
|
Bottom of the 2nd over - 7 runs, 6 hits, 1 error, 1 left on base; Clemson University 2 - Wichita State University 7 |
TOP OF THE 3RD |
Clemson University Tigers batting - Pitching for Wichita State University Shockers : LHP Randolph Main
|
Batting: LHB Jayden Pelayo
|
0-0: Ball 1-0: Ball 2-0: Called Strike 2-1: Fly out, F8 (Flyball, 8LXD, EV 97.5 MPH)
|
Batting: RHB Josh LeSage
|
0-0: Ground out 5-3 (Groundball, 56, EV 88.1 MPH)
|
Batting: SHB Jose Santiago
|
0-0: Called Strike 0-1: Foul Ball, location: 2F 0-2: Fly out, F8 (Line Drive, 8RM, EV 104.4 MPH)
|
Top of the 3rd over - 0 runs, 0 hits, 0 errors, 0 left on base; Clemson University 2 - Wichita State University 7 |
BOTTOM OF THE 3RD |
Wichita State University Shockers batting - Pitching for Clemson University Tigers : RHP Gustavo Carena
|
Batting: LHB Henry Huezo
|
0-0: Foul Ball, location: 2F 0-1: Called Strike 0-2: Strikes out swinging
|
Batting: RHB Aaron Sartini
|
0-0: Ball 1-0: Foul Ball, location: 2F 1-1: Ground out 6-3 (Groundball, 56, EV 83.8 MPH)
|
Batting: LHB Andrew Moore
|
0-0: Ball 1-0: Ball 2-0: Fly out, F9 (Line Drive, 9S, EV 101.9 MPH)
|
Bottom of the 3rd over - 0 runs, 0 hits, 0 errors, 0 left on base; Clemson University 2 - Wichita State University 7 |
TOP OF THE 4TH |
Clemson University Tigers batting - Pitching for Wichita State University Shockers : LHP Randolph Main
|
Batting: RHB Dave Dominguez
|
0-0: Called Strike 0-1: Swinging Strike 0-2: Ball 1-2: Fly out, F7 (Flyball, 7LM, EV 86.9 MPH)
|
Batting: RHB Juan Barela
|
0-0: Called Strike 0-1: Fly out, F8 (Flyball, 8LM, EV 73.8 MPH)
|
Batting: LHB Victor Reyna
|
0-0: Called Strike 0-1: Ball 1-1: Ball 2-1: DOUBLE (Flyball, 8LXD, EV 97.5 MPH)
|
Batting: RHB Neal Perucci
|
0-0: Called Strike 0-1: Ball Wild Pitch! Victor Reyna to third 1-1: Ball 2-1: SINGLE (Line Drive, 9S, EV 101.9 MPH) Victor Reyna scores
|
Batting: RHB Donovan Deason
|
0-0: Ground out U3 (Groundball, 13, EV 79.4 MPH)
|
Top of the 4th over - 1 run, 2 hits, 0 errors, 1 left on base; Clemson University 3 - Wichita State University 7 |
BOTTOM OF THE 4TH |
Wichita State University Shockers batting - Pitching for Clemson University Tigers : RHP Gustavo Carena
|
Batting: RHB Ryan LeSueur
|
0-0: Ground out 4-3 (Groundball, 4, EV 83.8 MPH)
|
Batting: RHB Adam McMillen
|
0-0: Ball 1-0: Ball 2-0: Called Strike 2-1: Fly out, F9 (Flyball, 9LM, EV 98.8 MPH)
|
Batting: RHB David Bousfield
|
0-0: Ball 1-0: Foul Ball, location: 2F 1-1: Ball 2-1: Swinging Strike 2-2: Fly out, F5 (Popup, 5F, EV 71.9 MPH)
|
Bottom of the 4th over - 0 runs, 0 hits, 0 errors, 0 left on base; Clemson University 3 - Wichita State University 7 |
TOP OF THE 5TH |
Clemson University Tigers batting - Pitching for Wichita State University Shockers : LHP Randolph Main
|
Batting: RHB Jason Duncan
|
0-0: SINGLE (Line Drive, 34D, EV 99.4 MPH)
|
Batting: LHB Jayden Pelayo
|
0-0: Called Strike 0-1: Foul Ball, location: 2F 0-2: Ball 1-2: Strikes out swinging
|
Batting: RHB Josh LeSage
|
0-0: Ball 1-0: Ball 2-0: Called Strike 2-1: DOUBLE (Line Drive, 9LD, EV 113.1 MPH) Jason Duncan to third
|
Pitching: LHP Tyler Thackeray
|
|
Batting: SHB Jose Santiago
|
0-0: Ball 1-0: Ball Wild Pitch! Jason Duncan scores Josh LeSage to third 2-0: Swinging Strike 2-1: Swinging Strike 2-2: Ball 3-2: Strikes out swinging
|
Batting: RHB Dave Dominguez
|
0-0: Fly out, F7 (Flyball, 7D, EV 104.4 MPH)
|
Top of the 5th over - 1 run, 2 hits, 0 errors, 1 left on base; Clemson University 4 - Wichita State University 7 |
BOTTOM OF THE 5TH |
Wichita State University Shockers batting - Pitching for Clemson University Tigers : RHP Gustavo Carena
|
Batting: RHB Juan Nieves
|
0-0: Ball 1-0: Called Strike 1-1: Foul Ball, location: 2F 1-2: Foul Ball, location: 2F 1-2: Foul Ball, location: 2F 1-2: Ball 2-2: Foul Ball, location: 2F 2-2: SINGLE (Line Drive, 8LS, EV 101.9 MPH)
|
Pitching: LHP Salvatore Vasquez
|
|
Batting: LHB Simon Barry
|
0-0: Ball 1-0: Called Strike 1-1: SINGLE (Groundball, 4MD, EV 99.4 MPH) Juan Nieves to second
|
Batting: RHB Tony Gonzales
|
0-0: Fielders Choice at 2nd, 4-6 (Groundball, 4MS, EV 88.1 MPH) Juan Nieves to third
|
Batting: LHB Henry Huezo
|
0-0: Ball 1-0: Called Strike 1-1: Ball 2-1: Called Strike 2-2: Ball 3-2: Base on Balls Tony Gonzales to second
|
Batting: RHB Aaron Sartini
|
0-0: Ball 1-0: Ball 2-0: Ball 3-0: Base on Balls Juan Nieves scores Tony Gonzales to third Henry Huezo to second
|
Batting: LHB Andrew Moore
|
0-0: Ball 1-0: Ball 2-0: Ball 3-0: Called Strike 3-1: Fly out, F2 (Popup, 2R, EV 97.5 MPH)
|
Batting: RHB Ryan LeSueur
|
0-0: Ball 1-0: Ball 2-0: Called Strike 2-1: Called Strike 2-2: Foul Ball, location: 2F 2-2: Strikes out swinging
|
Bottom of the 5th over - 1 run, 2 hits, 0 errors, 3 left on base; Clemson University 4 - Wichita State University 8 |
TOP OF THE 6TH |
Clemson University Tigers batting - Pitching for Wichita State University Shockers : LHP Tyler Thackeray
|
Batting: RHB Juan Barela
|
0-0: Ball 1-0: Ball 2-0: SINGLE (Groundball, 34D, EV 104.4 MPH)
|
Batting: LHB Victor Reyna
|
0-0: Ball 1-0: Called Strike 1-1: Called Strike 1-2: Strikes out swinging
|
Batting: RHB Neal Perucci
|
0-0: Called Strike Balk! Juan Barela to second 0-1: Called Strike 0-2: Ball 1-2: Ball 2-2: Strikes out swinging
|
Batting: RHB Donovan Deason
|
0-0: Ball 1-0: Ball 2-0: Foul Ball, location: 2F 2-1: Swinging Strike 2-2: Ball 3-2: Strikes out swinging
|
Top of the 6th over - 0 runs, 1 hit, 0 errors, 1 left on base; Clemson University 4 - Wichita State University 8 |
BOTTOM OF THE 6TH |
Wichita State University Shockers batting - Pitching for Clemson University Tigers : LHP Salvatore Vasquez
|
Batting: RHB Adam McMillen
|
0-0: Ball 1-0: Ball 2-0: Ball 3-0: Base on Balls
|
Pitching: RHP Santos Gonzales
|
|
Batting: RHB David Bousfield
|
0-0: Called Strike 0-1: Ball 1-1: Called Strike 1-2: Strikes out looking
|
Batting: RHB Juan Nieves
|
0-0: Called Strike 0-1: Called Strike 0-2: Ball 1-2: Ball 2-2: Foul Ball, location: 2F 2-2: SINGLE (Groundball, 56D, EV 101.2 MPH) Adam McMillen to second
|
Batting: LHB Simon Barry
|
0-0: Fly out, F8 (Flyball, 89D, EV 99.4 MPH)
|
Batting: RHB Tony Gonzales
|
0-0: Ball 1-0: Ball 2-0: Ball 3-0: Base on Balls Adam McMillen to third Juan Nieves to second
|
Batting: LHB Henry Huezo
|
0-0: Swinging Strike 0-1: Swinging Strike 0-2: Fly out, F9 (Flyball, 89S, EV 83.1 MPH)
|
Bottom of the 6th over - 0 runs, 1 hit, 0 errors, 3 left on base; Clemson University 4 - Wichita State University 8 |
TOP OF THE 7TH |
Clemson University Tigers batting - Pitching for Wichita State University Shockers : LHP Tyler Thackeray
|
Pitching: RHP Finlay Clamp
|
|
Batting: RHB Jason Duncan
|
0-0: Called Strike 0-1: Foul Ball, location: 2F 0-2: Ball 1-2: Foul Ball, location: 2F 1-2: Foul Ball, location: 2F 1-2: Foul Ball, location: 2F 1-2: Ball 2-2: Ball 3-2: Foul Ball, location: 2F 3-2: Fly out, F7 (Flyball, 7, EV 88.1 MPH)
|
Batting: LHB Jayden Pelayo
|
0-0: Ball 1-0: Ball 2-0: SINGLE (Line Drive, 3D, EV 96.9 MPH)
|
Batting: RHB Josh LeSage
|
0-0: Ball 1-0: Foul Ball, location: 2F 1-1: Foul Ball, location: 2F 1-2: Ball 2-2: Ground out 5-3 (Groundball, 56S, EV 68.1 MPH) Jayden Pelayo to second
|
Pitching: RHP Dan Corrow
|
|
Batting: SHB Jose Santiago
|
0-0: Ball 1-0: Fly out, F9 (Line Drive, 9S, EV 93.1 MPH)
|
Top of the 7th over - 0 runs, 1 hit, 0 errors, 1 left on base; Clemson University 4 - Wichita State University 8 |
BOTTOM OF THE 7TH |
Wichita State University Shockers batting - Pitching for Clemson University Tigers : RHP Santos Gonzales
|
Pitching: RHP Joachim Marot
|
|
Batting: RHB Aaron Sartini
|
0-0: Ball 1-0: Ground out 6-3 (Groundball, 56, EV 80.6 MPH)
|
Batting: LHB Andrew Moore
|
0-0: Ball 1-0: Ball 2-0: Ball 3-0: Base on Balls
|
Batting: RHB Ryan LeSueur
|
0-0: Foul Ball, location: 2F 0-1: Ball 1-1: Fly out, F9 (Flyball, 89S, EV 72.5 MPH)
|
Batting: RHB Adam McMillen
|
0-0: Ground out 4-3 (Groundball, 4, EV 96.2 MPH)
|
Bottom of the 7th over - 0 runs, 0 hits, 0 errors, 1 left on base; Clemson University 4 - Wichita State University 8 |
TOP OF THE 8TH |
Clemson University Tigers batting - Pitching for Wichita State University Shockers : RHP Dan Corrow
|
Pinch Hitting: RHB Ryan Thurston
|
0-0: Called Strike 0-1: Ground out 6-3 (Groundball, 6, EV 81.2 MPH)
|
Batting: RHB Juan Barela
|
0-0: Ball 1-0: Swinging Strike 1-1: Foul Ball, location: 2F 1-2: Ball 2-2: Ball 3-2: Base on Balls
|
Batting: LHB Victor Reyna
|
0-0: Ball 1-0: Fly out, F8 (Flyball, 8RXD, EV 105.0 MPH)
|
Batting: RHB Neal Perucci
|
0-0: Ball 1-0: Ball 2-0: Ground out 4-3 (Groundball, 34, EV 93.8 MPH)
|
Top of the 8th over - 0 runs, 0 hits, 0 errors, 1 left on base; Clemson University 4 - Wichita State University 8 |
BOTTOM OF THE 8TH |
Wichita State University Shockers batting - Pitching for Clemson University Tigers : RHP Joachim Marot
|
Pitching: LHP Will West
|
|
Now in CF: Ryan Thurston
|
|
Batting: RHB David Bousfield
|
0-0: Ball 1-0: Foul Ball, location: 2F 1-1: Ball 2-1: Ball 3-1: Base on Balls
|
Batting: RHB Juan Nieves
|
0-0: Ball 1-0: Swinging Strike 1-1: Ball 2-1: Swinging Strike 2-2: Strikes out swinging
|
Batting: LHB Simon Barry
|
0-0: Called Strike 0-1: Called Strike 0-2: Ball 1-2: Foul Ball, location: 2F 1-2: Ball 2-2: Fly out, F9 (Flyball, 89XD, EV 98.1 MPH)
|
Batting: RHB Tony Gonzales
|
0-0: Foul Ball, location: 2F 0-1: Ball 1-1: Swinging Strike 1-2: Foul Ball, location: 2F 1-2: Foul Ball, location: 2F 1-2: Fly out, F8 (Flyball, 89XD, EV 85.0 MPH)
|
Bottom of the 8th over - 0 runs, 0 hits, 0 errors, 1 left on base; Clemson University 4 - Wichita State University 8 |
TOP OF THE 9TH |
Clemson University Tigers batting - Pitching for Wichita State University Shockers : RHP Dan Corrow
|
Pitching: RHP Cortez Restrepo
|
|
Batting: RHB Donovan Deason
|
0-0: Ball 1-0: Foul Ball, location: 2F 1-1: Ball 2-1: Ball 3-1: Foul Ball, location: 2F 3-2: Ground out 4-3 (Groundball, 4M, EV 106.9 MPH)
|
Batting: RHB Jason Duncan
|
0-0: Ball 1-0: Called Strike 1-1: Swinging Strike 1-2: Ball 2-2: Ball 3-2: Foul Ball, location: 2F 3-2: Strikes out swinging
|
Batting: LHB Jayden Pelayo
|
0-0: Called Strike 0-1: Swinging Strike 0-2: Strikes out swinging
|
Top of the 9th over - 0 runs, 0 hits, 0 errors, 0 left on base; Clemson University 4 - Wichita State University 8 |
|